 Dungeon Crawl Stone Soup version 0.17.1-3-g152610e (webtiles) character file.

259 senseless the Sneak (level 6, -5/42 HPs)
             Began as an Octopode Monk on Mar 7, 2016.
             Slain by kaze's ghost (11 damage)
             ... on level 5 of the Dungeon.
             The game lasted 00:11:05 (3037 turns).

senseless the Sneak (Octopode Monk)                 Turns: 3037, Time: 00:11:06

Health: -5/42      AC:  1    Str: 13    XL:     6   Next: 17%
Magic:  6/6        EV: 14    Int: 12    God:
Gold:   116        SH:  4    Dex: 16    Spells: 0 memorised, 5 levels left

rFire  . . .     SeeInvis .       - Unarmed
rCold  . . .     Clarity  .     g - +0 buckler
rNeg   . . .     SustAt   .     (helmet restricted)
rPois  .         Gourm    .     p - amulet of regeneration
rElec  .         Spirit   .     h - +2 ring of strength
rCorr  .         Warding  .     (no ring)
rMut   .         Stasis   .     (no ring)
MR     .....                    (no ring)
Stlth  ++++......               (no ring)
                                (no ring)
                                (no ring)
                                (no ring)

@: not resistant to hostile enchantments, stealthy
A: almost no armour, amphibious, 8 rings, constrict 8, camouflage 1, gelatinous
body 1
a: no special abilities


You were on level 5 of the Dungeon.
You were hungry.

You visited 1 branch of the dungeon, and saw 5 of its levels.

You collected 116 gold pieces.

Inventory:

Armour
 g - a +0 buckler (worn)
Jewellery
 h - a +2 ring of strength (left tentacle)
 p - an amulet of regeneration (around mantle)
Scrolls
 b - a scroll of blinking {unknown}
 c - 2 scrolls of recharging {unknown}
 d - 2 scrolls of enchant armour {unknown}
 e - a scroll of amnesia {unknown}
 k - 2 scrolls of teleportation {unknown}
 o - a scroll of magic mapping {unknown}
 q - a scroll of identify {unknown}
Potions
 f - a potion of magic {unknown}
 i - a potion of cancellation {unknown}
 j - a potion of beneficial mutation {unknown}
 l - a potion of mutation {unknown}
 m - a potion of might {unknown}
 r - a potion of heal wounds {unknown}
Comestibles
 a - 3 bread rations
 n - a meat ration


   Skills:
 + Level 3.6 Fighting
 + Level 4.3 Dodging
 + Level 5.4 Stealth
 + Level 0.4 Shields
 + Level 5.0 Unarmed Combat


You had 5 spell levels left.
You didn't know any spells.

Dungeon Overview and Level Annotations

Branches:
Dungeon (6/15)
 Temple: D:4-7

Altars:
Qazlal

Annotations:
D:5 kaze's ghost, amateur TrBe


Innate Abilities, Weirdness & Mutations

You cannot wear most types of armour.
You are amphibious.
You can wear up to eight rings at the same time.
You can use your tentacles to constrict eight enemies at once.
Your skin changes colour to match your surroundings (Stealth).
Your rubbery body absorbs attacks (AC +1).


Message History

You tentacle-slap kaze's ghost.
Kaze's ghost is moderately damaged.
Kaze's ghost closely misses you.
You tentacle-slap kaze's ghost but do no damage.
Your squeeze misses kaze's ghost.
Kaze's ghost is moderately damaged.
Kaze's ghost hits you!
You tentacle-slap kaze's ghost but do no damage.
Kaze's ghost is lightly damaged.
Kaze's ghost hits you!
You tentacle-slap kaze's ghost. Your squeeze misses kaze's ghost.
Kaze's ghost is moderately damaged.
Kaze's ghost hits you!
* * * LOW HITPOINT WARNING * * *
You are too injured to fight recklessly!
You are too injured to fight recklessly!
You bludgeon kaze's ghost!
Kaze's ghost is heavily damaged.
Kaze's ghost hits you!
You die...

#....#.###
........ .......
#..... #.... #...#
#.W.# #.@.# #...#
####...# #......#
#.######
#.################
#................#
################.#
#.#


You could see kaze's ghost.

Vanquished Creatures
  A crimson imp (D:5)
  A jelly (D:3)
  5 adders
  8 gnolls
  2 oozes
  3 worms
  2 giant geckos
  4 bats
  9 goblins
  9 hobgoblins
  2 jackals (D:2)
  2 quokkas (D:2)
  6 giant newts
  3 kobolds
  5 rats
62 creatures vanquished.

Notes
Turn   | Place    | Note
--------------------------------------------------------------
     0 | D:1      | senseless the Octopode Monk began the quest for the Orb.
     0 | D:1      | Reached XP level 1. HP: 16/16 MP: 1/1
   200 | D:1      | Reached XP level 2. HP: 21/21 MP: 2/2
   472 | D:1      | Reached XP level 3. HP: 21/26 MP: 3/3
   610 | D:2      | Found a stormy altar of Qazlal.
  1336 | D:2      | Reached XP level 4. HP: 20/31 MP: 4/4
  2108 | D:2      | Reached XP level 5. HP: 36/36 MP: 5/5
  2824 | D:3      | Reached skill level 5 in Stealth
  2824 | D:3      | Reached skill level 5 in Unarmed Combat
  2824 | D:3      | Reached XP level 6. HP: 23/42 MP: 6/6
  2868 | D:3      | You fall through a shaft for 3 floors!
  2872 | D:5      | Entered Level 5 of the Dungeon
  3020 | D:5      | Noticed kaze's ghost (amateur TrBe)
  3037 | D:5      | Slain by kaze's ghost

Action                   |  1- 3 |  4- 6 || total
-------------------------+-------+-------++-------
Melee: Unarmed           |    61 |   102 ||   163
 Stab: Sleeping          |     6 |     8 ||    14
  Eat: Chunk             |     1 |     5 ||     6
